 Dungeon Crawl Stone Soup version 0.15.0-18-g9076a4f (webtiles) character file.

16 zercules the Skirmisher (level 2, 21/27 HPs)
             Began as a Hill Orc Fighter on Sept 7, 2014.
             Quit the game on Level 1 of the Dungeon.
             The game lasted 00:00:54 (166 turns).

zercules the Skirmisher (Hill Orc Fighter)           Turns: 166, Time: 00:00:54

HP  21/27        AC  6     Str 18      XL: 2   Next: 58%
MP   2/2         EV  6     Int  8      God:
Gold 31          SH  9     Dex 10      Spells:  0 memorised,  1 level left

rFire  . . .     SeeInvis .     a - +0 war axe
rCold  . . .     Clarity  .     b - +0 scale mail
rNeg   . . .     rCorr    .     c - +0 shield
rPois  .         rRot     .     (no helmet)
rElec  .         Spirit   .     (no cloak)
SustAb .         Warding  .     (no gloves)
rMut   .         Stasis   .     (no boots)
Gourm  .                        (no amulet)
MR     .....                    (no ring)
                                (no ring)

@: not resistant to hostile enchantments, extremely unstealthy
A: no striking features
a: no special abilities


You were on level 1 of the Dungeon.
You were not hungry.

You visited 1 branch of the dungeon, and saw 1 of its levels.

You collected 31 gold pieces.


   Skills:
 - Level 3.8 Fighting
 + Level 3.4 Axes
 - Level 3.3 Armour
 + Level 3.5 Shields


You had one spell level left.
You didn't know any spells.

Dungeon Overview and Level Annotations

Branches:
Dungeon (1/15)

Altars:

Inventory:

Hand weapons
 a - a +0 war axe (weapon)
Armour
 b - a +0 scale mail (worn)
 c - a +0 shield (worn)
Comestibles
 d - 2 meat rations
Potions
 e - 2 potions of might
 f - a potion of flight {unknown}

#########
###.###........
#.............r.. #...
#@# #.#..###.#
..........# #.#.###.##
#..# . ##.## ..+
##########..####.#..#.
#......%..............
##.#..####...###......


You could see a rat.


Message History

Found a potion of might.
You completely miss the rat. The rat bites you but does no damage.
Your shield and scale mail prevent you from hitting the rat.
The rat bites you but does no damage. The rat bites you.
You hit the rat but do no damage. The rat bites you.
You hit the rat.
The rat is heavily wounded.
You block the rat's attack. The rat bites you.
You hit the rat.
You kill the rat!
You block the hobgoblin's attack.
You hit the hobgoblin.
The hobgoblin is severely wounded.
The hobgoblin hits you but does no damage.
You closely miss the hobgoblin.
The hobgoblin is severely wounded.
The hobgoblin barely misses you. x2
You hit the hobgoblin.
You kill the hobgoblin!
No target in view!
Things that are here:
a club; a hobgoblin corpse; a rat corpse
e - 2 potions of might (gained 1)
A jackal comes into view.
A jackal is nearby!
A jackal comes into view.
The jackal barks!
The jackal bites you but does no damage.
You closely miss the jackal. You block the jackal's attack.
The jackal bites you but does no damage.
You closely miss the jackal. You block the jackal's attack.
You hit the jackal.
The jackal is moderately wounded.
You block the jackal's attack.
You barely miss the jackal.
The jackal is lightly wounded.
The jackal barely misses you.
The jackal bites you but does no damage.
Your shield and scale mail prevent you from hitting the jackal.
The jackal is lightly wounded.
The jackal bites you but does no damage.
You block the jackal's attack.
You miss the jackal.
The jackal is lightly wounded.
The jackal bites you but does no damage. x2
You miss the jackal.
The jackal is lightly wounded.
You block the jackal's attack. The jackal bites you.
You closely miss the jackal.
The jackal is lightly wounded.
The jackal bites you but does no damage.
You block the jackal's attack.
You closely miss the jackal.
The jackal is lightly wounded.
You block the jackal's attack. The jackal bites you.
You barely miss the jackal.
The jackal is lightly wounded.
You block the jackal's attack. x2
You hit the jackal.
You kill the jackal!
You block the jackal's attack.
You closely miss the jackal. You block the jackal's attack.
The jackal bites you but does no damage.
You slash the jackal!
You kill the jackal!
No target in view!
No target in view!
A rat comes into view.
A rat is nearby!
Are you sure you want to abandon this character and quit the game? (Confirm with "yes".)

Action                   || total
-------------------------++-------
Melee: War axe           ||    44

Vault maps used:
D:1:      elethiomel_arrival_quiet

Notes
Turn   | Place    | Note
--------------------------------------------------------------
     0 | D:1      | zercules, the Hill Orc Fighter, began the quest for the Orb.
     0 | D:1      | Reached XP level 1. HP: 19/19 MP: 1/1
    34 | D:1      | Reached skill level 3 in Axes
    35 | D:1      | Reached XP level 2. HP: 25/27 MP: 2/2
   166 | D:1      | Quit the game

Vanquished Creatures
  A bat (D:1)
  A giant cockroach (D:1)
  2 goblins (D:1)
  4 hobgoblins (D:1)
  2 jackals (D:1)
  A kobold (D:1)
  2 rats (D:1)
13 creatures vanquished.
